AoeStats
← DiaperMoogletism

Four Lakes

509520035Analyzed
1v1 RM · 7d ago on Sep 27, 2026· 30m 34s· 2 players
Game mode
Random Map
Map size
Tiny (2 player)
Population
200
Speed
Normal
Resources
Standard
Victory
Conquest
Starting age
Dark Age
Ending age
Imperial Age
RankedLock teamsTeams togetherTeam positionsShared explorationLock speedFull tech treeHidden civsTurbo modeCheats
Victory
Defeat
🇨🇱 Vietnamese · Chile
746
+16
🇺🇸 Britons · United States
739
-16
DiaperMoogletism
13:16 Feudal Age
11:34 Loom
14:33 Fletching
14:39 Horse Collar
17:56 Castle Age
16:45 Horse Collar
18:05 Padded Archer Armor
17:58 Crossbowman
19:42 Bodkin Arrow
23:54 Husbandry
24:02 Scale Barding Armor
24:08 Forging
24:06 Light Cavalry
25:57 Double-Bit Axe
26:15 Heavy Plow
28:16 Leather Archer Armor
28:27 Chain Barding Armor
sj
6:41 Loom
10:09 Feudal Age
11:44 Double-Bit Axe
19:07 Castle Age
17:02 Horse Collar
19:59 Fletching
21:07 Bodkin Arrow
22:45 Bow Saw
22:53 Padded Archer Armor
23:09 Gold Mining
23:07 Town Watch
24:36 Wheelbarrow
23:58 Elite Skirmisher
26:10 Hand Cart
26:15 Leather Archer Armor
29:39 Thumb Ring
30:15 Scale Barding Armor
Connection lost

Rejoining the realm…

Still unreachable

The connection could not be restored.

Session expired

The server has moved on; the page needs a fresh start.